 Dungeon Crawl Stone Soup version 0.28.0-53-g5a82cb258f (webtiles) character file.

Game seed: 13666383114477579637

164 Kranky the Magician (level 5, -5/43 HPs)
             Began as a Gnoll Wanderer on June 17, 2022.
             Succumbed to a kobold brigand's curare-tipped dart
             ... on level 3 of the Dungeon.
             The game lasted 00:10:44 (3135 turns).

Kranky the Magician (Gnoll Wanderer)                Turns: 3135, Time: 00:10:44

Health: -5/43      AC:  3    Str: 11    XL:     5   Next: 45%
Magic:  12/12      EV: 12    Int: 12    God:
Gold:   94         SH:  0    Dex: 13    Spells: 11/14 levels left

rFire   . . .      SeeInvis .   l - +4 falchion
rCold   . . .      Faith    .   k - orb {light}
rNeg    . . .      Spirit   .   c - +0 robe
rPois   .          Reflect  .   m - +0 helmet
rElec   .          Harm     .   (no cloak)
rCorr   .          Rampage  .   (no gloves)
Will    .....                   (no boots)
Stlth   +.........              (no amulet)
HPRegen 0.14/turn               (no ring)
MPRegen 0.13/turn               (no ring)

@: lethally poisoned (-5 -> -22), slowed, glowing, very slow
A: fangs 1, strong nose, distributed training
a: no special abilities


You were on level 3 of the Dungeon.
You visited 1 branch of the dungeon, and saw 3 of its levels.

You collected 94 gold pieces.

Inventory:

Hand Weapons
 l - a +4 falchion (weapon)
Armour
 c - a +0 robe (worn)
 d - a +2 buckler
 h - a +0 leather armour
 k - an orb of light (worn)
 m - a +0 helmet (worn)
Wands
 i - a wand of polymorph (3)
Scrolls
 a - a scroll of identify {unknown}
 f - a scroll of magic mapping {unknown}
 n - a scroll of amnesia {unknown}
Potions
 b - 3 potions of curing
 e - a potion of attraction {unknown}
 g - a potion of brilliance {unknown}
 j - a potion of haste {unknown}


   Skills:
 + Level 4.8 Fighting
 + Level 1.5 Short Blades
 + Level 1.5 Long Blades
 + Level 1.5 Axes
 + Level 1.5 Maces & Flails
 + Level 1.5 Polearms
 + Level 1.5 Staves
 + Level 1.5 Slings
 + Level 1.5 Bows
 + Level 1.5 Crossbows
 + Level 1.5 Throwing
 + Level 1.5 Armour
 + Level 1.5 Dodging
 + Level 2.8 Stealth
 + Level 4.8 Shields
 + Level 1.5 Unarmed Combat
 + Level 5.2 Spellcasting
 + Level 1.2 Conjurations
 + Level 1.2 Hexes
 + Level 1.2 Summonings
 + Level 1.2 Necromancy
 + Level 1.2 Translocations
 + Level 1.2 Transmutations
 + Level 4.0 Fire Magic
 + Level 1.2 Ice Magic
 + Level 1.2 Air Magic
 + Level 1.2 Earth Magic
 + Level 1.2 Poison Magic
 + Level 1.7 Invocations
 + Level 3.0 Evocations


You had 11 spell levels left.
You knew the following spells:

 Your Spells              Type           Power      Damage    Failure   Level
a - Foxfire               Conj/Fire      36%        2x1d5     7%          1
b - Blink                 Tloc           12%        N/A       19%         2

Your spell library contained the following spells:

 Spells                   Type           Power      Damage    Failure   Level
 Conjure Flame            Conj/Fire      9%         6-21      21%         3
 Summon Guardian Golem    Hex/Summ       6%         N/A       34%         3
 Tukima's Dance           Hex            6%         N/A       34%         3
 Animate Armour           Summ/Erth      12%        N/A       75%         4
 Lee's Rapid Deconstruct  Erth           3%         3d6*      97%         5
 Manifold Assault         Tloc           6%         N/A       97%         5
 Storm Form               Tmut/Air       3%         N/A       100%        7


Dungeon Overview and Level Annotations

Branches:
Dungeon (3/15)

Altars:


Innate Abilities, Weirdness & Mutations

You have very sharp teeth.
Your uncanny sense of smell can sniff out nearby items.
Your experience applies equally to all skills.


Message History

MiltankisOP's ghost misses you.
You slash MiltankisOP's ghost!
You destroy MiltankisOP's ghost!
The kobold brigand throws a curare-tipped dart.
The curare-tipped dart barely misses you.
Your Conjurations skill increases to level 1!
Your Hexes skill increases to level 1!
Your Summonings skill increases to level 1!
Your Necromancy skill increases to level 1!
Your Translocations skill increases to level 1!
Your Transmutations skill increases to level 1!
Your Fire Magic skill increases to level 4!
Your Ice Magic skill increases to level 1!
Your Air Magic skill increases to level 1!
Your Earth Magic skill increases to level 1!
Your Poison Magic skill increases to level 1!
Your Evocations skill increases to level 3!
You have reached level 5!
The kobold brigand throws a curare-tipped dart.
The curare-tipped dart closely misses you.
The kobold brigand throws a curare-tipped dart.
The curare-tipped dart hits you.
You are poisoned.
You have difficulty breathing.
* * * LOW HITPOINT WARNING * * *
You feel yourself slow down.
You feel sick.
You feel sick.
You feel sick.
You are no longer poisoned.
The kobold throws a stone.
The stone hits you but does no damage.
The kobold brigand throws a curare-tipped dart.
The curare-tipped dart barely misses you.
The kobold brigand throws a curare-tipped dart.
The curare-tipped dart hits you.
You are lethally poisoned!
You have difficulty breathing.
* * * LOW HITPOINT WARNING * * *
You feel as though you will be slow longer.
You die...

# #.#######.##.#.##
#........K.K...##
#.....####.#.####
#.....# #.#.....
#.....# #...####
#...K.# ##..# ####.##
#..#
####################.#
#..#
................@..KK#
#.>#
.#####################
#### .# .# .# .#
.##########
..........#
#########.#


You could see a kobold brigand and a kobold.

Vanquished Creatures
  The ghost of MiltankisOP the Poker, an amateur MfMo (D:3)
  2 adders (D:2)
  An ufetubus (D:3)
  A worm (D:2)
  A dart slug (D:1)
  5 bats
  7 endoplasms
  6 giant cockroaches
  3 goblins
  2 hobgoblins
  5 quokkas
  3 ball pythons
  10 kobolds
  6 rats
53 creatures vanquished.

Vanquished Creatures (others)
  105 foxfires
105 creatures vanquished.

Grand Total: 158 creatures vanquished

Notes
Turn   | Place    | Note
-------+----------+-------------------------------------------
     0 | D:1      | Kranky the Gnoll Wanderer began the quest for the Orb.
     0 | D:1      | Kranky set off with the following items: a +0 dagger, a
                  | potion of curing, a +0 robe, a +2 buckler; and the
                  | following spell memorised: Foxfire; and the following
                  | spells available to memorise: Conjure Flame
     0 | D:1      | Reached XP level 1. HP: 20/20 MP: 6/6
   451 | D:1      | Reached XP level 2. HP: 19/26 MP: 5/7
   952 | D:1      | Reached XP level 3. HP: 25/31 MP: 7/9
  1167 | D:1      | Reached skill level 5 in Spellcasting
  1354 | D:2      | Reached skill level 1 in Invocations
  1731 | D:2      | Reached skill level 1 in Short Blades
  1731 | D:2      | Reached skill level 1 in Long Blades
  1731 | D:2      | Reached skill level 1 in Axes
  1731 | D:2      | Reached skill level 1 in Maces & Flails
  1731 | D:2      | Reached skill level 1 in Polearms
  1731 | D:2      | Reached skill level 1 in Staves
  1731 | D:2      | Reached skill level 1 in Slings
  1731 | D:2      | Reached skill level 1 in Bows
  1731 | D:2      | Reached skill level 1 in Crossbows
  1731 | D:2      | Reached skill level 1 in Throwing
  1731 | D:2      | Reached skill level 1 in Armour
  1731 | D:2      | Reached skill level 1 in Dodging
  1731 | D:2      | Reached skill level 1 in Unarmed Combat
  1875 | D:2      | Learned a level 2 spell: Blink
  1966 | D:2      | Reached XP level 4. HP: 23/38 MP: 4/11
  2149 | D:2      | Got the Reference Book on Dusty Enchantment
  2513 | D:3      | Found a runed translucent gate.
  2513 | D:3      | Found a runed translucent gate.
  2513 | D:3      | Found a runed translucent gate.
  2515 | D:3      | Noticed a kobold brigand
  2515 | D:3      | Noticed MiltankisOP's ghost (amateur MfMo)
  3117 | D:3      | Killed MiltankisOP's ghost
  3118 | D:3      | Reached skill level 1 in Conjurations
  3118 | D:3      | Reached skill level 1 in Hexes
  3118 | D:3      | Reached skill level 1 in Summonings
  3118 | D:3      | Reached skill level 1 in Necromancy
  3118 | D:3      | Reached skill level 1 in Translocations
  3118 | D:3      | Reached skill level 1 in Transmutations
  3118 | D:3      | Reached skill level 1 in Ice Magic
  3118 | D:3      | Reached skill level 1 in Air Magic
  3118 | D:3      | Reached skill level 1 in Earth Magic
  3118 | D:3      | Reached skill level 1 in Poison Magic
  3118 | D:3      | Reached XP level 5. HP: 13/43 MP: 10/12
  3134 | D:3      | HP: 1/43 [asphyx]
  3135 | D:3      | Succumbed to a kobold brigand's curare-tipped dart

Illustrated notes

Levels and vault maps discovered:
D:1:      scummos_arrival_star, layout_rooms, minmay_split_cup_small
D:2:      layout_loops_cross
D:3:      layout_basic, gammafunk_ghost_nasty_kobolds

Skill      XL: |  1  2  3  4 |
---------------+-------------+-----
Spellcasting   | 5 |  5.2
Invocations    | 1 |  1.7
Short Blades   | 1 |  1.5
Long Blades    | 1 |  1.5
Axes           | 1 |  1.5
Maces & Flails | 1 |  1.5
Polearms       | 1 |  1.5
Staves         | 1 |  1.5
Slings         | 1 |  1.5
Bows           | 1 |  1.5
Crossbows      | 1 |  1.5
Throwing       | 1 |  1.5
Armour         | 1 |  1.5
Dodging        | 1 |  1.5
Unarmed Combat | 1 |  1.5
Conjurations   | 1 |  1.2
Hexes          | 1 |  1.2
Summonings     | 1 |  1.2
Necromancy     | 1 |  1.2
Translocations | 1 |  1.2
Transmutations | 1 |  1.2
Fire Magic     | 4 |  4.0
Ice Magic      | 1 |  1.2
Air Magic      | 1 |  1.2
Earth Magic    | 1 |  1.2
Poison Magic   | 1 |  1.2
Evocations     | 3 |  3.0
Fighting       | |  4.8
Stealth        | |  2.8
Shields        | |  4.8

Action                   |  1- 3 |  4- 6 || total
-------------------------+-------+-------++-------
Melee: Dagger            |    74 |    11 ||    85
       Bite              |     8 |     2 ||    10
       Falchion          |       |    19 ||    19
 Cast: Foxfire           |    57 |    11 ||    68
 Stab: Sleeping          |     1 |       ||     1
Armor: Robe              |    14 |     4 ||    18
Dodge: Dodged            |    38 |    27 ||    65
Block: Buckler           |    24 |       ||    24
